 Dungeon Crawl Stone Soup version 0.24.1-4-ge52af88ad5 (webtiles) character file.

Game seed: 8230812209334619465, levelgen mode: deterministic

518 MajorAdolf the Chopper (level 7, -9/63 (64) HPs)
             Began as a Naga Wanderer on Apr 18, 2020.
             Mangled by an orc warrior
             ... wielding a +0 hand axe
              (11 damage)
             ... on level 6 of the Dungeon.
             The game lasted 00:07:34 (6143 turns).

MajorAdolf the Chopper (Naga Wanderer)              Turns: 6143, Time: 00:07:35

HP:   -9/63 (64)    AC: 11    Str: 19    XL:     7   Next: 21%
MP:   7/7           EV:  5    Int: 12    God:
Gold: 200           SH:  3    Dex:  8    Spells: 6/6 levels left

rFire    . . .     SeeInvis +   p - +4 whip
rCold    . . .     Gourm    .   c - +0 buckler
rNeg     . . .     Faith    .   g - +0 chain mail
rPois    +         Spirit   .   (no helmet)
rElec    .         Reflect  .   x - +0 cloak
rCorr    .         Harm     .   k - +1 pair of gloves
MR       .....                  (no barding)
Stlth    ..........             (no amulet)
HPRegen  0.20/turn              (no ring)
MPRegen  0.10/turn              (no ring)

@: very slow
A: large, see invisible, deformed body, poison resistance, slowness 2, slow
metabolism 1, spit poison 1, AC +2
a: Spit Poison


You were on level 6 of the Dungeon.
You were not hungry.

You visited 1 branch of the dungeon, and saw 6 of its levels.

You collected 200 gold pieces.

Inventory:

Hand Weapons
 a - a +2 spear
 e - a +0 dagger
 m - a +0 hand axe
 p - a +4 whip (weapon)
Armour
 c - a +0 buckler (worn)
 d - a +0 robe
 g - a +0 chain mail (worn)
 j - a +0 pair of gloves
 k - a +1 pair of gloves (worn)
 n - a cursed +0 robe
 x - a +0 cloak (worn)
Jewellery
 o - an uncursed amulet of faith
 r - an uncursed ring of stealth {unknown}
 z - a +2 amulet of reflection {unknown}
Wands
 i - a wand of flame (11)
Scrolls
 q - 4 scrolls of remove curse
 v - a scroll of amnesia {unknown}
 y - 3 scrolls of identify
 B - a scroll of immolation {unknown}
Potions
 b - a potion of curing
 h - a potion of degeneration
 l - 2 potions of heal wounds {unknown}
 s - a potion of resistance {unknown}
 t - 2 potions of flight {unknown}
 u - a potion of brilliance {unknown}
 w - a potion of lignification {unknown}
Comestibles
 f - 7 rations
 A - a chunk of flesh


   Skills:
 - Level 4.0 Fighting
 + Level 5.8 Axes
 + Level 4.2 Armour
 - Level 1.5 Stealth
 - Level 2.5 Shields


You had 6 spell levels left.
You didn't know any spells.
Your spell library was empty.

Dungeon Overview and Level Annotations

Branches:
Dungeon (6/15)             Temple (0/1) D:5

Altars:
Fedhas
Makhleb
Sif Muna
Xom
Yredelemnul
Zin

Annotations:
D:4 3 runed translucent doors, Callino's ghost, amateur MfGl; Crazy Yiuf


Innate Abilities, Weirdness & Mutations

You cannot wear boots.
Your serpentine skin is tough. (AC +2)
You have supernaturally acute eyesight. (SInv)
Armour fits poorly on your strangely shaped body.
Your system is resistant to poisons. (rPois)
You cover ground very slowly.
You have a slow metabolism.
You can spit poison.


Message History

The crimson imp hits you. You block the orc's attack.
The orc priest hits you but does no damage.
The orc warrior hits you with a +0 hand axe!
* * * LOW HITPOINT WARNING * * *
You completely miss the orc priest.
The orc priest is heavily wounded.
You block the crimson imp's attack. The orc hits you but does no damage.
The orc priest hits you but does no damage.
Unknown command.
You hit the orc priest.
The orc priest is severely wounded.
The orc warrior hits you with a +0 hand axe!
* * * LOW HITPOINT WARNING * * *
The crimson imp blinks!
The orc hits you but does no damage.
The orc priest begins to cast a cantrip, but forgets the words!
Unknown command.
You hit the orc priest but do no damage.
The orc priest is severely wounded.
The orc warrior hits you with a +0 hand axe!
You die...

*** *...#######......
**.####.).....###.....
**,..#.#.......##......
*,,,...................
***##,,*..................
**,.#..***#...5............
*,,.(...###................
**,,.##...o................#
*,,,......o@................
***,......§o$.#....#........
*,.........##....##....##. *
****.........#....##,.....#. **
*,,,................,....... ,*
***,,,...................#....
,***,,,,*..###......###....###...
,,,,,,,,,..,,##.....#*,...$**#...
,,,,,,,**,,,,,##....#*,**,,,#....


You could see an orc warrior, an orc priest, a crimson imp and an orc.

Vanquished Creatures
  A necrophage (D:6)
  A wyvern skeleton (D:6)
  2 scorpions (D:6)
  4 orc wizards
  A hound skeleton (D:4)
  3 adders
  A shadow imp (D:5)
  An ooze (D:1)
  3 worms
  3 dart slugs (D:1)
  2 leopard geckos
  12 orcs
  3 giant cockroaches
  8 goblins
  9 hobgoblins
  8 jackals
  2 quokkas
  2 ball pythons
  9 bats
  5 frilled lizards
  A jackal zombie (D:5)
  9 kobolds
  9 rats
99 creatures vanquished.

Notes
Turn   | Place    | Note
-------+----------+-------------------------------------------
     0 | D:1      | MajorAdolf the Naga Wanderer began the quest for the Orb.
     0 | D:1      | MajorAdolf set off with the following items: a +2 spear, a
                  | potion of curing, a +0 buckler, a +0 robe, a ration
     0 | D:1      | Reached XP level 1. HP: 22/22 MP: 1/1
   156 | D:1      | Reached XP level 2. HP: 21/30 MP: 2/2
   455 | D:1      | Reached XP level 3. HP: 27/36 MP: 3/3
   882 | D:1      | Reached skill level 1 in Axes
  1569 | D:2      | Reached skill level 2 in Axes
  1569 | D:2      | Reached XP level 4. HP: 38/44 MP: 4/4
  1969 | D:2      | Found a burning altar of Makhleb.
  1970 | D:2      | Found a shimmering blue altar of Sif Muna.
  1970 | D:2      | Found a blossoming altar of Fedhas.
  1970 | D:2      | Found a basalt altar of Yredelemnul.
  1993 | D:2      | Found a glowing silver altar of Zin.
  2002 | D:2      | Found a shimmering altar of Xom.
  2297 | D:2      | Reached skill level 3 in Axes
  2664 | D:3      | Reached XP level 5. HP: 50/50 MP: 5/5
  3238 | D:4      | Found a runed translucent door.
  3239 | D:4      | Noticed Crazy Yiuf
  3484 | D:4      | Found a large runed translucent door.
  3494 | D:4      | Found a large runed translucent door.
  3500 | D:4      | You fall into a shaft and drop 2 floors!
  3529 | D:5      | Entered Level 5 of the Dungeon
  3542 | D:5      | Reached skill level 4 in Axes
  3871 | D:4      | Noticed Callino's ghost (amateur MfGl)
  4790 | D:5      | Reached XP level 6. HP: 33/57 MP: 6/6
  5055 | D:5      | Found a staircase to the Ecumenical Temple.
  5717 | D:6      | Reached skill level 5 in Axes
  6014 | D:6      | Noticed a necrophage
  6030 | D:6      | Killed a necrophage
  6109 | D:6      | Reached XP level 7. HP: 56/63 MP: 7/7
  6142 | D:6      | HP: 2/63 [orc warrior/+0 hand axe (10)]
  6143 | D:6      | Mangled by an orc warrior

Levels and vault maps discovered:
D:1:      kennysheep_arrival_seaside, layout_loops_ring, roderic_roman_lattice
D:2:      minmay_recursive_quarters, layout_basic, minmay_overflow_temple_hex,
          first_ration, corner_web_ring
D:3:      layout_rooms, hangedman_decor_points
D:4:      layout_basic, ebering_ghost_disaster_area, uniq_crazy_yiuf_cottage
D:5:      layout_layer_cave, temple_fountains
D:6:      layout_cave_pools, nicolae_ossuary_entry_ruins, nrook_mini_backslash

Skill      XL: |  1  2  3  4  5  6 |
---------------+-------------------+-----
Shields        | 2 |  2.5
Axes           | 2 3 4 5 |  5.8
Armour         | 4 |  4.2
Fighting       | |  4.0
Stealth        | |  1.5

Action                   |  1- 3 |  4- 6 |  7- 9 || total
-------------------------+-------+-------+-------++-------
Melee: Spear             |    47 |       |       ||    47
       Hand axe          |    81 |    90 |       ||   171
       Whip              |       |   136 |     8 ||   144
 Abil: Spit Poison       |    11 |     9 |       ||    20
  Use: Scroll            |       |    10 |       ||    10
       Potion            |       |     2 |       ||     2
 Stab: Sleeping          |     2 |       |       ||     2
       Distracted        |       |     1 |       ||     1
  Eat: Chunk             |     2 |     9 |       ||    11
       Ration            |       |     1 |       ||     1
Armor: Robe              |    15 |       |       ||    15
       Chain mail        |    75 |   163 |     9 ||   247
Dodge: Dodged            |    45 |    75 |     3 ||   123
Block: Buckler           |    22 |    41 |     5 ||    68
